 Dungeon Crawl Stone Soup version 0.28.0-53-g5a82cb258f (webtiles) character file.

Game seed: 17734264814439477274

11 Spectrina the Ducker (level 2, -3/18 HPs)
             Began as a Deep Elf Monk on May 22, 2022.
             Was a Follower of Ashenzari.
             Slain by a worm (5 damage)
             ... on level 2 of the Dungeon.
             The game lasted 00:02:56 (327 turns).

Spectrina the Ducker (Deep Elf Monk)                 Turns: 327, Time: 00:02:57

Health: -3/18      AC:  2    Str:  8    XL:     2   Next: 17%
Magic:  4/4        EV: 13    Int: 14    God:    Ashenzari [*.....]
Gold:   22         SH:  0    Dex: 17    Spells: 1/1 levels left

rFire   . . .      SeeInvis .   a - +0 spear of Cremastomancy {Evo, Melee} (curse)
rCold   . . .      Faith    .   (no shield)
rNeg    . . .      Spirit   .   b - +0 robe "Ensconced Gloom" {Fort, Evo} (curse)
rPois   .          Reflect  .   (no helmet)
rElec   .          Harm     .   (no cloak)
rCorr   .          Rampage  .   (no gloves)
Will    .....                   (no boots)
Stlth   ++........              (no amulet)
HPRegen 0.06/turn               (no ring)
MPRegen 0.09/turn               (no ring)

@: no status effects
A: no striking features
a: Renounce Religion, Shatter the Chains


You were on level 2 of the Dungeon.
You worshipped Ashenzari.
Ashenzari was aware of your devotion.
You visited 1 branch of the dungeon, and saw 2 of its levels.

You collected 22 gold pieces.

Inventory:

Hand Weapons
 a - the cursed +0 spear of Cremastomancy (weapon) {Evo, Melee}

   It has a curse which improves the following skills: Evocations: Evocations.
   Melee Combat: Short Blades, Long Blades, Axes, Maces & Flails, Polearms,
   Staves and Unarmed Combat.
Missiles
 d - 12 stones (quivered)
Armour
 b - the cursed +0 robe "Ensconced Gloom" (worn) {Fort, Evo}

   It has a curse which improves the following skills: Fortitude: Armour and
   Shields.
   Evocations: Evocations.
Scrolls
 c - a scroll of identify


   Skills:
 - Level 2.4 Fighting
 + Level 2.7(3.4) Polearms
 - Level 3.6 Dodging
 - Level 2.4 Stealth


You had one spell level left.
You didn't know any spells.
Your spell library contained the following spells:

 Spells                   Type           Power      Damage    Failure   Level
 Ozocubu's Armour         Ice            0%         N/A       65%         3
 Portal Projectile        Hex/Tloc       0%         N/A       65%         3
 Metabolic Englaciation   Hex/Ice        0%         N/A       100%        5
 Simulacrum               Ice/Necr       0%         N/A       100%        6
 Dragon Form              Tmut           0%         N/A       100%        7
 Disjunction              Tloc           0%         N/A       100%        8


Dungeon Overview and Level Annotations

Branches:
Dungeon (2/15)

Altars:
Ashenzari

Shops:
D:1 (   D:2 !


Message History

Reach: a) +0 spear of Cremastomancy {Evo, Melee} (curse)
Press: ? - help, Dir - move target, f/p - worm
Aim: a worm (heavily wounded, about 19% to evade the cursed +0 spear of Cremastomancy)
You reach to attack!
You hit the worm.
The worm is severely wounded.
Reach: a) +0 spear of Cremastomancy {Evo, Melee} (curse)
Press: ? - help, Dir - move target, f/p - worm
Aim: a worm (heavily wounded, about 19% to evade the cursed +0 spear of Cremastomancy)
You reach to attack!
You hit the worm.
The worm is severely wounded.
Reach: a) +0 spear of Cremastomancy {Evo, Melee} (curse)
Press: ? - help, Dir - move target, f/p - worm
Aim: a worm (severely wounded, about 19% to evade the cursed +0 spear of Cremastomancy)
You reach to attack!
You hit the worm but do no damage.
The worm is severely wounded.
Reach: a) +0 spear of Cremastomancy {Evo, Melee} (curse)
Press: ? - help, Dir - move target, f - you
Okay, then.
Throw: 14 stones
Press: ? - help, Q - select action, (/) - cycle Shift-Dir - straight line, f/p - worm
Aim: a worm (heavily wounded, 79% to hit)
You throw a stone. The stone hits the worm.
The worm is heavily wounded.
Throw: 13 stones
Press: ? - help, Q - select action, (/) - cycle Shift-Dir - straight line, f/p - worm
Aim: a worm (heavily wounded, 79% to hit)
You throw a stone.
The stone hits the worm but does no damage.
The worm is heavily wounded.
Reach: a) +0 spear of Cremastomancy {Evo, Melee} (curse)
Press: ? - help, Dir - move target, f/p - worm
Aim: a worm (heavily wounded, about 19% to evade the cursed +0 spear of Cremastomancy)
You reach to attack!
You hit the worm but do no damage.
The worm is heavily wounded.
You hit the worm.
The worm is severely wounded.
You hit the worm but do no damage.
The worm is severely wounded.
The worm bites you.
You die...

###.........#
#...#######..#
#.### #.# #.#
.. #.#
#####.... #.#
##.......#
#(#####.<#
#..w@...##
#####..###
#.......#
#.#####.# #.#
... #.# ###..
#.# .. #.# #
#.#


You could see a worm.

Vanquished Creatures
  A dart slug (D:1)
  A bat (D:1)
  An endoplasm (D:1)
  A goblin (D:2)
  2 jackals (D:1)
  2 kobolds (D:2)
8 creatures vanquished.

Vanquished Creatures (others)
  A plant (D:1)
1 creature vanquished.

Grand Total: 9 creatures vanquished

Notes
Turn   | Place    | Note
-------+----------+-------------------------------------------
     0 | D:1      | Spectrina the Deep Elf Monk began the quest for the Orb.
     0 | D:1      | Reached XP level 1. HP: 13/13 MP: 3/3
    21 | D:1      | Got the Disquisition on Displacement and Transformation
    46 | D:1      | Found Osoyti's Antique Weapon Emporium.
   127 | D:1      | Found a faded altar of an unknown god.
   130 | D:1      | Prayed at the altar of an unknown god.
   130 | D:1      | Became a worshipper of Ashenzari the Shackled
   133 | D:1      | Reached * piety under Ashenzari
   148 | D:1      | Reached XP level 2. HP: 13/18 MP: 4/4
   219 | D:2      | Found Koniefag's Distillery.
   327 | D:2      | Slain by a worm

Illustrated notes

Levels and vault maps discovered:
D:1:      roderic_crop_circles_arrival_small, layout_basic, serial_shops,
          nicolae_shop_hallway_plus, shapermc_ecumenical_altar_mp_vishouse,
          solitary_fountain, nicolae_concentric_dashed_squares_wild
D:2:      layout_rooms, serial_shops, shop

Action                   || total
-------------------------++-------
Melee: Spear             ||    46
       Punch             ||     1
Throw: Stone             ||     2
Invok: Curse Item        ||     2
 Stab: Sleeping          ||     1
Armor: Robe              ||     6
Dodge: Dodged            ||    12
